 Dungeon Crawl Stone Soup version 0.32-a0-128-g77eb882 (webtiles) character file.

Game seed: 15536459596594746762

108110 Tanach the Metamorph (level 16, -1/136 HPs)
             Began as an Octopode Shapeshifter on Feb 7, 2024.
             Was an Initiate of Gozag.
             Slain by a +0 scimitar of freezing (7 damage)
             ... on level 1 of the Elven Halls.
             The game lasted 00:51:18 (23220 turns).

Tanach the Metamorph (Octopode Shapeshifter)       Turns: 23220, Time: 00:51:19

Health: -1/136     AC: 17    Str: 29    XL:     16   Next: 48%
Magic:  16/16      EV: 30    Int: 11    God:    Gozag
Gold:   654        SH:  0    Dex: 15    Spells: 15/15 levels left

rFire   + +          +
                       - Unarmed
rCold   . . .        (shield currently unavailable)
rNeg    + . .        (helmet currently unavailable)
rPois   +            l - amulet of regeneration
rElec   +            k - ring of wizardry
rCorr   +            m - +6 ring of strength
SInv    .            I - ring "Hasaetim" {rF+++ AC+4 Str+5 Int-3}
Will    +....        c - +5 ring of evasion
Stlth   ++++         b - ring of positive energy
HPRegen 1.22/turn    M - ring "Syddyargh" {rElec rCorr EV+5 Dex-3}
MPRegen 0.15/turn    T - +5 ring of evasion
                     (no ring)

%: wizardry (x1)
@: snake-form, slowed, very slow
A: constrict, boosted hp, almost no armour, amphibious, 8 rings, large,
(camouflage 1), (gelatinous body 1), (nimble swimmer 1), (tentacles)
a: Begin Untransformation, Renounce Religion, Potion Petition, Call Merchant,
Bribe Branch


You were on level 1 of the Elven Halls.
You worshipped Gozag.
Gozag was pleased with you.
You were an enormous serpent.
You visited 5 branches of the dungeon, and saw 24 of its levels.
You also visited: Bailey, Gauntlet and Volcano.

You collected 8388 gold pieces.
You spent 3227 gold pieces at shops.
You paid 4507 gold pieces to Gozag.

Inventory:

Missiles
 n - 7 throwing nets {!f}
 x - 42 poisoned darts
 G - 12 curare-tipped darts {!f}
 N - 10 silver javelins
 U - 5 darts of dispersal
Armour
 S - a +2 hat
Jewellery
 b - a ring of positive energy (on tentacle)
 c - a +5 ring of evasion (on tentacle)
 h - a ring of fire
 k - a ring of wizardry (left tentacle)
 l - an amulet of regeneration (around neck)
 m - a +6 ring of strength (right tentacle)
 I - the ring "Hasaetim" (on tentacle) {rF+++ AC+4 Str+5 Int-3}
   (You bought it in a shop on level 10 of the Dungeon)

   [ring of protection]

   AC+4:      It affects your AC (+4).
   Str+5:     It affects your strength (+5).
   Int-3:     It affects your intelligence (-3).
   rF+++:     It renders you almost immune to fire.
 M - the ring "Syddyargh" (on tentacle) {rElec rCorr EV+5 Dex-3}
   (You found it on level 3 of the Lair of Beasts)

   [ring of evasion]

   EV+5:      It affects your evasion (+5).
   Dex-3:     It affects your dexterity (-3).
   rElec:     It insulates you from electricity.
   rCorr:     It protects you from acid and corrosion.
 T - a +5 ring of evasion (on tentacle)
Talismans
 u - a serpent talisman (active)
Wands
 i - a wand of flame (17)
 E - a wand of paralysis (15)
 F - a wand of iceblast (2)
 J - a wand of polymorph (3)
 K - a wand of digging (7)
 L - a wand of mindburst (23)
Scrolls
 g - 2 scrolls of fog
 o - 2 scrolls of butterflies
 p - 3 scrolls of vulnerability
 q - 5 scrolls of amnesia {unknown}
 r - 6 scrolls of enchant weapon
 t - 2 scrolls of noise
 v - 7 scrolls of teleportation
 y - 3 scrolls of fear {unknown}
 z - 2 scrolls of enchant armour
 C - a scroll of immolation
 D - 2 scrolls of blinking
 H - 2 scrolls of poison
 O - 2 scrolls of revelation
 X - 2 scrolls of identify
Potions
 a - 5 potions of enlightenment
 d - 7 potions of brilliance
 e - 4 potions of mutation
 f - 9 potions of curing
 j - 8 potions of might
 s - 2 potions of invisibility
 B - 2 potions of haste
 P - 2 potions of berserk rage
 R - 4 potions of heal wounds
 V - 3 potions of attraction
 W - a potion of magic
Miscellaneous
 w - a lightning rod (1/4) (quivered)
 A - a phial of floods (inert)
 Q - a sack of spiders (inert)


   Skills:
 - Level 12.0 Fighting
 - Level 12.0 Dodging
 - Level 9.0 Stealth
 - Level 11.0 Unarmed Combat
 - Level 12.0 Evocations
 + Level 16.9 Shapeshifting


You had 15 spell levels left.
You didn't know any spells.
Your spell library contained the following spells:

 Spells                   Type           Power      Damage    Failure   Level
 Apportation              Tloc           0%         N/A       14%         1
 Necrotise                Necr           0%         1d4       14%         1
 Shock                    Conj/Air       0%         1d3       14%         1
 Slow                     Hex            0%         N/A       14%         1
 Sting                    Conj/Alch      0%         1d3       14%         1
 Summon Small Mammal      Summ           0%         N/A       14%         1
 Call Imp                 Summ           0%         N/A       21%         2
 Static Discharge         Conj/Air       0%         3-3/arc   21%         2
 Sublimation of Blood     Necr           0%         N/A       21%         2
 Confusing Touch          Hex            0%         N/A       38%         3
 Fugue of the Fallen      Necr           0%         N/A       38%         3
 Ozocubu's Armour         Ice            0%         N/A       38%         3
 Sigil of Binding         Hex            0%         N/A       38%         3
 Swiftness                Air            0%         N/A       38%         3
 Vampiric Draining        Necr           0%         2d6       38%         3
 Airstrike                Air            0%         2d(0-16)  77%         4
 Leda's Liquefaction      Alch/Erth      0%         N/A       77%         4
 Manifold Assault         Tloc           0%         N/A       77%         4
 Martyr's Knell           Necr/Summ      0%         N/A       77%         4
 Petrify                  Alch/Erth      0%         N/A       77%         4
 Summon Blazeheart Golem  Fire/Summ      0%         N/A       77%         4
 Summon Lightning Spire   Summ/Air       0%         N/A       77%         4
 Vhi's Electric Charge    Tloc/Air       0%         N/A       77%         4
 Arcjolt                  Conj/Air       0%         1d10      98%         5
 Curse of Agony           Necr           0%         N/A       98%         5
 Irradiate                Conj/Alch      0%         3d11      98%         5
 Lee's Rapid Deconstruct  Erth           0%         3d4*      98%         5
 Bombard                  Conj/Erth      0%         9d1       100%        6
 Plasma Beam              Fire/Air       0%         2x1d10    100%        6
 Orb of Destruction       Conj           0%         9d5       100%        7
 Spellforged Servitor     Conj/Summ      0%         N/A       100%        7
 Summon Hydra             Summ           0%         N/A       100%        7


Dungeon Overview and Level Annotations

Branches:
Dungeon (15/15)            Temple (1/1) D:4            Lair (5/5) D:11
 Shoals (0/4) Lair:2        Snake (0/4) Lair:2        Slime (0/5) Lair:4
    Orc (2/2) D:11            Elf (1/3) Orc:2        Vaults (0/5) D:14
 Depths (0/4) D:15         Bailey (visited)         Volcano (visited)
Gauntlet (visited)

Altars:
Ashenzari
Cheibriados
Dithmenos
Elyvilon
Fedhas
Gozag
Hepliaklqana
Kikubaaqudgha
Makhleb
Nemelex Xobeh
Okawaru
Qazlal
Ru
Sif Muna
Trog
Uskayaw
Vehumet
Wu Jian
Xom
Yredelemnul
Zin
The Shining One
Jiyva

Shops:
D:2 :   D:8 (   D:10 =   D:15 (   Orc:1 *   Orc:2 ((:!*   Elf:1 =!*(:
Lair:2 *   Lair:5 =

Annotations:
D:10 Harold, Joseph
D:14 exclusion: obsidian statue
D:15 36 runed translucent doors
Lair:4 exclusion: oklob plant


Innate Abilities, Weirdness & Mutations

You are an enormous serpent.
You have a powerful constriction melee attack.
Your maximum health is increased.
Your armour is entirely melded.
You are incapable of wielding weapons or throwing items.
You cannot wear most types of armour.
You are amphibious.
You can wear up to eight rings at the same time.
((Your skin changes colour to match your surroundings (Stealth+).))
((Your rubbery body absorbs attacks. (AC +1, EV +1)))
((You are camouflaged when in or above water. (Stealth+)))
((You have tentacles for arms and can constrict up to eight enemies at once.))


Message History

The deep elf archer gestures at you while chanting.
Your scorpion appears confused.
The +0 scimitar of freezing hits you!
* * * LOW HITPOINT WARNING * * *
The +0 scimitar of freezing freezes you!
* * * LOW HITPOINT WARNING * * *
The deep elf archer shoots an arrow.
The arrow hits you.
* * * LOW HITPOINT WARNING * * *
The deep elf knight gestures wildly while chanting.
The deep elf knight seems to speed up.
Blink to where?
Press: ? - help, Dir - move target, p - deep elf knight
As you read the scroll of blinking, it crumbles to dust.
Things that are here:
a +0 rapier; a +0 ring mail You miss the +0 scimitar of freezing.
You grab the +0 scimitar of freezing.
The +0 scimitar of freezing is heavily damaged.
You constrict the +0 scimitar of freezing.
The +0 scimitar of freezing completely misses you.
The +0 scimitar of freezing hits you!
* * * LOW HITPOINT WARNING * * *
The +0 scimitar of freezing freezes you.
* * * LOW HITPOINT WARNING * * *
You hit the +0 scimitar of freezing.
The +0 scimitar of freezing is heavily damaged.
You constrict the +0 scimitar of freezing, but do no damage.
The +0 scimitar of freezing completely misses you.
You completely miss the +0 scimitar of freezing.
The +0 scimitar of freezing is heavily damaged.
You constrict the +0 scimitar of freezing!
The +0 scimitar of freezing completely misses you.
You barely miss the +0 scimitar of freezing.
The +0 scimitar of freezing is severely damaged.
You constrict the +0 scimitar of freezing.
The +0 scimitar of freezing hits you!
* * * LOW HITPOINT WARNING * * *
You feel yourself slow down.
The +0 scimitar of freezing freezes you!
You die...
Your body crumbles into a pile of gold.

.e.e#..^..## #.#
.#####..(## ... # ####.#
#.# .## #.# #.# ..#
#.######.#
###.####........#
##.....####...)..#
#.......###.####(#
.........##.# #S#
....∩.....######.#######
...........# #..........
...........###.#.#####.#
.∩..#..∩.....#.#.#
...........#...#.#
...........#)....#
....∩.....##.#####
.........###.#


You could see a +0 scimitar of freezing.

Vanquished Creatures
  Gastronok (Lair:2)
  Donald (Orc:2)
  A stone giant (Orc:2)
  Nessos (D:14)
  A minotaur (Gauntlet)
  A red draconian (Volcano)
  Snorg (Lair:3)
  A fire dragon (Lair:5)
  An ice dragon (Lair:5)
  3 vault guards (D:14)
  4 hydras
  2 catoblepae
  3 centaur warriors
  7 boulder beetles
  2 ogre magi (D:15)
  2 dancing weapons (Elf:1)
  12 two-headed ogres
  A deep troll earth mage (D:15)
  An orc high priest (Orc:2)
  2 tengu warriors
  2 deep elf knights (Elf:1)
  Nergalle (Lair:3)
  Sonja (D:12)
  A fire crab (Lair:5)
  A salamander mystic (Volcano)
  Amaemon (D:8)
  5 skeletal warriors (D:12)
  2 skysharks
  A swamp dragon (Lair:5)
  2 deep elf archers (Elf:1)
  An obsidian statue (Volcano)
  7 orc knights
  3 deep elf zephyrmancers (Elf:1)
  4 orc sorcerers (Orc:2)
  A lindwurm (Lair:5)
  11 deep elf pyromancers
  8 ugly things (D:15)
  3 salamanders (Volcano)
  5 black mambas
  3 manticores
  3 kobold blastminers
  7 cyclopes
  3 gargoyles
  An orange demon (D:8)
  Maggie (D:6)
  6 cane toads
  6 torpor snails
  5 rime drakes
  A minotaur zombie (Gauntlet)
  2 efreet
  A kobold demonologist (D:11)
  12 komodo dragons
  2 unseen horrors (D:11)
  Psyche (D:9)
  A tengu conjurer (D:14)
  4 polar bears
  8 trolls
  5 tyrant leeches
  8 hornets
  5 saltlings (Orc:2)
  2 raiju (shapeshifter)
  15 blink frogs
  14 slime creatures
  A spriggan (Lair:2)
  2 wraiths
  A water elemental (Elf:1)
  Grum (D:8)
  A shadow (D:11)
  32 yaks
  2 vampires
  7 basilisks
  4 fire bats (Volcano)
  A steam dragon (D:7)
  5 wargs
  2 wyverns
  7 vampire mosquitoes
  A naga (Lair:2)
  6 swamp worms (Gauntlet)
  19 water moccasins
  An acid dragon (D:13)
  2 hell hounds (Orc:1)
  A sky beast (D:6)
  4 swamp drakes (Lair:5)
  2 black bears
  An ice beast (D:8)
  2 laughing skulls (D:14)
  13 orc warriors
  10 ogres
  17 wolves
  2 boggarts (D:14)
  5 centaurs
  A phantom (D:5)
  10 kobold brigands
  13 bullfrogs
  10 gnoll sergeants
  2 necrophages (D:6)
  5 scorpions
  14 wights
  4 killer bees (D:11)
  An electric eel (Lair:4)
  A bombardier beetle (D:5)
  4 howler monkeys
  4 bullfrog zombies (D:6)
  5 lava snakes (Volcano)
  A quasit (D:14)
  A jelly (D:5)
  7 orc priests
  10 hounds
  9 gnoll boudas
  A human zombie (D:6)
  An iron imp (D:14)
  14 iguanas
  5 hell rats (Lair:4)
  19 orc wizards
  A mummy (D:6)
  27 gnolls
  2 howler monkey zombies (D:6)
  6 adders
  A shadow imp (D:14)
  2 white imps
  3 ufetubi
  3 dart slugs
  51 orcs
  11 ball pythons
  4 bats
  3 endoplasms
  4 giant cockroaches
  15 goblins
  4 hobgoblins
  6 jackals
  23 kobolds
  3 quokkas
  4 frilled lizards
  7 rats
698 creatures vanquished.

Vanquished Creatures (collateral kills)
  2 deep elf zephyrmancers (Elf:1)
  A deep elf archer (Elf:1)
  A deep elf pyromancer (Elf:1)
  2 boggarts (D:14)
6 creatures vanquished.

Vanquished Creatures (others)
  An orc (D:14)
1 creature vanquished.

Grand Total: 705 creatures vanquished

Notes
Turn   | Place    | Note
-------+----------+-------------------------------------------
     0 | D:1      | Tanach the Octopode Shapeshifter began the quest for the
                  | Orb.
     0 | D:1      | Reached XP level 1. HP: 13/13 MP: 1/1
   168 | D:1      | Reached XP level 2. HP: 18/18 MP: 2/2
   539 | D:1      | Found a faded altar of an unknown god.
   565 | D:1      | Reached XP level 3. HP: 23/23 MP: 3/3
   721 | D:2      | Reached skill level 4 in Shapeshifting
   731 | D:2      | Reached XP level 4. HP: 8/28 MP: 4/4
   851 | D:2      | Found Nilewen's Book Emporium.
  1433 | D:3      | Reached skill level 5 in Shapeshifting
  1622 | D:3      | Reached XP level 5. HP: 9/33 MP: 5/5
  2483 | D:5      | Entered Level 5 of the Dungeon
  2483 | D:5      | Noticed an ogre
  2499 | D:5      | Killed an ogre
  2500 | D:5      | Reached skill level 6 in Shapeshifting
  2500 | D:5      | Reached XP level 6. HP: 38/38 MP: 6/6
  2857 | D:5      | Reached skill level 7 in Shapeshifting
  2857 | D:5      | Reached skill level 1 in Evocations
  2959 | D:5      | Reached XP level 7. HP: 34/43 MP: 7/7
  3362 | D:4      | Found a staircase to the Ecumenical Temple.
  3393 | Temple   | Entered the Ecumenical Temple
  3727 | D:4      | Found a snail-covered altar of Cheibriados.
  4263 | D:6      | Found a shimmering blue altar of Sif Muna.
  4302 | D:6      | Reached skill level 5 in Evocations
  4491 | D:6      | Reached XP level 8. HP: 30/49 MP: 8/8
  4887 | D:6      | Found a basalt altar of Yredelemnul.
  5035 | D:6      | Noticed Maggie
  5042 | D:6      | Killed Maggie
  5043 | D:6      | Reached skill level 5 in Unarmed Combat
  5043 | D:6      | Reached XP level 9. HP: 32/58 MP: 9/9
  5205 | D:6      | Reached skill level 5 in Dodging
  5344 | D:6      | Reached skill level 5 in Fighting
  5657 | D:6      | Noticed a two-headed ogre
  5671 | D:6      | Killed a two-headed ogre
  5853 | D:6      | Reached skill level 8 in Shapeshifting
  5938 | D:6      | Reached XP level 10. HP: 58/68 MP: 10/10
  6396 | D:7      | Reached skill level 1 in Stealth
  6432 | D:7      | Reached skill level 9 in Shapeshifting
  6665 | D:7      | Found a glowing silver altar of Zin.
  6684 | D:8      | Noticed an orange demon
  6839 | D:8      | Found an ornate altar of the Wu Jian Council.
  7005 | D:8      | Noticed Amaemon
  7034 | D:8      | Killed Amaemon
  7035 | D:8      | Reached skill level 5 in Stealth
  7041 | D:8      | Killed an orange demon
  7166 | D:8      | Reached skill level 10 in Shapeshifting
  7474 | D:8      | Noticed Grum
  7478 | D:8      | Killed Grum
  7644 | D:8      | Found Wigah's Antique Weapon Boutique.
  7705 | D:8      | Found a stormy altar of Qazlal.
  7728 | D:8      | Found an opulent altar of Gozag.
  7729 | D:8      | Found a sparkling altar of Nemelex Xobeh.
  7737 | D:8      | Became a worshipper of Gozag Ym Sagoz the Greedy
  8137 | D:9      | Reached XP level 11. HP: 74/74 MP: 11/11
  8418 | D:9      | Noticed a two-headed ogre
  8420 | D:9      | Noticed Psyche
  8432 | D:9      | Killed a two-headed ogre
  8458 | D:9      | Killed Psyche
  8588 | D:10     | Entered Level 10 of the Dungeon
  8629 | D:10     | Noticed Joseph
  8637 | D:10     | Found a flagged portal.
  8691 | Bailey   | Entered a bailey
  9269 | Bailey   | Found the +1 cloak of Starlight {*Dazzle EV+4 Stlth--}
  9270 | Bailey   | Identified the staff of Dried Tears {^Contam rElec rCorr
                  | Str-3 Necro Air}
  9655 | D:10     | Noticed Harold
  9975 | D:10     | Bought the ring "Hasaetim" {rF+++ AC+4 Str+5 Int-3} for 904
                  | gold pieces
 10233 | D:11     | Noticed a two-headed ogre
 10238 | D:11     | Killed a two-headed ogre
 10255 | D:11     | Noticed a manticore
 10264 | D:11     | Killed a manticore
 10270 | D:11     | Noticed a cyclops
 10288 | D:11     | Killed a cyclops
 10336 | D:11     | Noticed a two-headed ogre
 10359 | D:11     | Reached skill level 11 in Shapeshifting
 10399 | D:11     | Found a gate leading to a gauntlet.
 10401 | D:11     | Noticed a two-headed ogre
 10410 | D:11     | Killed a two-headed ogre
 10447 | D:11     | Killed a two-headed ogre
 10448 | D:11     | Reached XP level 12. HP: 84/84 MP: 12/12
 10464 | D:11     | Identified the +0 leather armour of Okawaru's Reproof
                  | {rElec rC+}
 10505 | Gauntlet | Entered a Gauntlet
 10505 | Gauntlet | Found a transporter.
 10505 | Gauntlet | Found a transporter.
 10509 | Gauntlet | Noticed a soul eater
 10521 | Gauntlet | Found a transporter.
 10522 | Gauntlet | Found a transporter.
 10530 | Gauntlet | Found a transporter.
 10534 | Gauntlet | Found a transporter.
 10542 | Gauntlet | Found a transporter.
 10559 | Gauntlet | Found a transporter.
 10573 | Gauntlet | Found a transporter.
 10577 | Gauntlet | Found a transporter.
 10585 | Gauntlet | Found a transporter.
 10589 | Gauntlet | Found a transporter.
 10755 | Gauntlet | Identified the amulet "Celykh" {Faith Rampage}
 10885 | Gauntlet | Noticed a minotaur
 10894 | Gauntlet | Killed a minotaur
 10908 | Gauntlet | Identified the +9 mace of Zasagg {freeze, Int+3 Dex-4
                  | Stlth+}
 10931 | Gauntlet | Identified the +0 mace of the Harvest {drain, rC+ SInv}
 11019 | D:11     | Found a staircase to the Lair.
 11033 | D:11     | Found a staircase to the Orcish Mines.
 11235 | D:10     | Bought a +5 ring of evasion for 396 gold pieces
 11879 | D:12     | Noticed a two-headed ogre
 11890 | D:12     | Killed a two-headed ogre
 11890 | D:12     | Noticed Sonja
 11893 | D:12     | Killed Sonja
 11947 | D:12     | Noticed a boulder beetle
 11960 | D:12     | Killed a boulder beetle
 11983 | D:12     | Reached skill level 12 in Shapeshifting
 12007 | D:12     | Reached skill level 10 in Unarmed Combat
 12220 | Lair:1   | Entered Level 1 of the Lair of Beasts
 12267 | Lair:1   | Reached XP level 13. HP: 90/90 MP: 13/13
 12542 | Lair:1   | Reached skill level 13 in Shapeshifting
 13143 | Lair:2   | Noticed Gastronok
 13155 | Lair:2   | Killed Gastronok
 13227 | Lair:2   | Found a staircase to the Shoals.
 13327 | Lair:2   | Identified the amulet of Sappaghaphi {Acrobat rCorr Int+4
                  | Dex+4}
 13418 | Lair:2   | Found a staircase to the Snake Pit.
 14121 | Lair:2   | Bought 5 darts of dispersal for 49 gold pieces
 14166 | Lair:3   | Noticed Nergalle
 14429 | Lair:3   | Identified the ring "Syddyargh" {rElec rCorr EV+5 Dex-3}
 14588 | Lair:3   | Killed Nergalle
 14588 | Lair:3   | Noticed Snorg
 14598 | Lair:3   | Killed Snorg
 14599 | Lair:3   | Reached skill level 14 in Shapeshifting
 14659 | Lair:3   | Reached XP level 14. HP: 97/97 MP: 14/14
 15216 | Lair:4   | Found a viscous altar of Jiyva.
 15218 | Lair:4   | Found a staircase to the Slime Pits.
 16048 | Lair:5   | Entered Level 5 of the Lair of Beasts
 16558 | Lair:5   | Reached skill level 10 in Evocations
 17065 | Lair:5   | Reached skill level 15 in Shapeshifting
 17448 | Lair:5   | Bought a +5 ring of evasion for 432 gold pieces
 18566 | Orc:1    | Entered Level 1 of the Orcish Mines
 18637 | Orc:1    | Found a burning altar of Makhleb.
 18701 | Orc:1    | Reached XP level 15. HP: 102/102 MP: 15/15
 18724 | Orc:1    | Found a dark tunnel.
 18741 | Volcano  | Entered a volcano
 18895 | Volcano  | Found a burning altar of Makhleb.
 19080 | Orc:1    | Bought a scroll of identify for 78 gold pieces
 19105 | Orc:1    | Reached skill level 10 in Fighting
 19113 | Orc:1    | Reached skill level 10 in Dodging
 19389 | Orc:2    | Entered Level 2 of the Orcish Mines
 19437 | Orc:2    | Found a staircase to the Elven Halls.
 19755 | Orc:2    | Bought a potion of heal wounds for 70 gold pieces
 19755 | Orc:2    | Bought a potion of berserk rage for 70 gold pieces
 19816 | Orc:2    | Found Oworch Ickate's Assorted Antiques.
 19834 | Orc:2    | Noticed Donald
 19930 | Orc:2    | Killed Donald
 19965 | Orc:2    | Found Okebrul's Weapon Shoppe.
 19967 | Orc:2    | Found Vicroeg's Book Shoppe.
 20050 | Orc:2    | Found Xeprequs's Antique Weapon Shoppe.
 20566 | D:14     | Noticed Nessos
 20577 | D:14     | Killed Nessos
 20836 | D:14     | Found a gate to the Vaults.
 21139 | Orc:2    | Bought a sack of spiders for 880 gold pieces
 21860 | D:15     | Entered Level 15 of the Dungeon
 21909 | D:15     | Found a staircase to the Depths.
 22000 | D:15     | Paralysed by something for 3 turns
 22009 | D:15     | Paralysed by something for 5 turns
 22110 | D:15     | Found a white marble altar of Elyvilon.
 22143 | D:15     | Reached XP level 16. HP: 114/114 MP: 16/16
 22210 | D:15     | Found Vyrac's Weapon Shoppe.
 22310 | D:15     | Reached skill level 16 in Shapeshifting
 22399 | D:15     | Found a huge runed translucent gate.
 22399 | D:15     | Found a huge runed translucent gate.
 22399 | D:15     | Found a huge runed translucent gate.
 22399 | D:15     | Found a huge runed translucent gate.
 22399 | D:15     | Found a huge runed translucent gate.
 22400 | D:15     | Found a huge runed translucent gate.
 22400 | D:15     | Found a huge runed translucent gate.
 22400 | D:15     | Found a huge runed translucent gate.
 22400 | D:15     | Found a huge runed translucent gate.
 22400 | D:15     | Found a huge runed translucent gate.
 22401 | D:15     | Found a huge runed translucent gate.
 22401 | D:15     | Found a huge runed translucent gate.
 22402 | D:15     | Found a huge runed translucent gate.
 22403 | D:15     | Found a huge runed translucent gate.
 22404 | D:15     | Found a huge runed translucent gate.
 22404 | D:15     | Found a huge runed translucent gate.
 22408 | D:15     | Found a huge runed translucent gate.
 22409 | D:15     | Found a huge runed translucent gate.
 22410 | D:15     | Found a huge runed translucent gate.
 22410 | D:15     | Found a huge runed translucent gate.
 22446 | D:15     | Found a huge runed translucent gate.
 22446 | D:15     | Found a huge runed translucent gate.
 22448 | D:15     | Found a huge runed translucent gate.
 22449 | D:15     | Found a huge runed translucent gate.
 22449 | D:15     | Found a huge runed translucent gate.
 22454 | D:15     | Found a huge runed translucent gate.
 22455 | D:15     | Found a huge runed translucent gate.
 22455 | D:15     | Found a huge runed translucent gate.
 22455 | D:15     | Found a huge runed translucent gate.
 22455 | D:15     | Found a huge runed translucent gate.
 22457 | D:15     | Found a huge runed translucent gate.
 22458 | D:15     | Found a huge runed translucent gate.
 22463 | D:15     | Found a huge runed translucent gate.
 22463 | D:15     | Found a huge runed translucent gate.
 22467 | D:15     | Found a huge runed translucent gate.
 22469 | D:15     | Found a huge runed translucent gate.
 22972 | Elf:1    | Entered Level 1 of the Elven Halls
 23049 | Elf:1    | Found Dylemon's General Store.
 23052 | Elf:1    | Found Yzxae's Book Boutique.
 23052 | Elf:1    | Found Dyuli's Jewellery Shop.
 23055 | Elf:1    | Found Ycoyn's Distillery.
 23116 | Elf:1    | Bought a potion of heal wounds for 60 gold pieces
 23116 | Elf:1    | Bought a potion of might for 48 gold pieces
 23116 | Elf:1    | Bought a potion of berserk rage for 60 gold pieces
 23116 | Elf:1    | Bought a potion of might for 48 gold pieces
 23116 | Elf:1    | Bought 2 potions of might for 96 gold pieces
 23116 | Elf:1    | Bought a potion of curing for 36 gold pieces
 23154 | Elf:1    | Found Poef's Weapon Shop.
 23220 | Elf:1    | HP: 6/136 [+0 scimitar of freezing (14)]
 23220 | Elf:1    | Slain by a +0 scimitar of freezing

Illustrated notes

Levels and vault maps discovered:
D:1:      psy_arrival_dodecagon, layout_basic, shapermc_ecumenical_altar_ellora
D:2:      layout_loops_ring, serial_shops, nicolae_shop_real_fake_doors
D:3:      minmay_evil_eye, layout_basic
D:4:      layout_basic, kennysheep_slug_shrine,
          minmay_temple_entry_statues_fountains
D:5:      wad_woods_pond, layout_basic
D:6:      minmay_bubble_buster, layout_rooms, mainiacjoe_overflow_alcove_2,
          lemuel_mausoleum_altar_yredelemnul, serial_aquarium,
          aquarium_bridge_straight [aquarium_subvault_bridge,
          aquarium_subvault_window, aquarium_subvault_bridge,
          aquarium_subvault_wall], aquarium_window_3, aquarium_window_corner,
          aquarium_view_2d, uniq_maggie
D:7:      layout_gridville, zin_treasury, serial_park_tiny_pond,
          chequers_hall_statues_corner_a
D:8:      nicolae_hitomezashi [nicolae_hito_row, nicolae_hito_row,
          nicolae_hito_row, nicolae_hito_row, nicolae_hito_row,
          nicolae_hito_row, nicolae_hito_row, nicolae_hito_row,
          nicolae_hito_row, nicolae_hito_row, nicolae_hito_row,
          nicolae_hito_row, nicolae_hito_row, nicolae_hito_row,
          nicolae_hito_row, nicolae_hito_row, nicolae_hito_row,
          nicolae_hito_row], layout_cave_pools, kennysheep_mini,
          nzn_wu_jian_contemplation, grunt_temple_overflow_opulence,
          serial_gnoll_camp, gnoll_camp_huts_basic, grums_kennel,
          gnoll_camp_mini_hut, gnoll_camp_mini_shop, billiards_dpeg,
          uniq_amaemon
D:9:      layout_gridville, kennysheep_generic_room_9, uniq_psyche
D:10:     layout_basic, enter_bailey_5, uniq_harold, uniq_joseph
D:11:     layout_basic, dpeg_oklobed_lair, orc_0_dummy, gauntlet_entry_generic,
          minmay_the_grid_square_5x5_3x3_mashed
          [minmay_the_grid_square_5x5_inner_i, minmay_the_grid_square_5x5_comb,
          minmay_the_grid_square_5x5_three_walls,
          minmay_the_grid_square_5x5_forky,
          minmay_the_grid_square_5x5_megaprize_hollow,
          minmay_the_grid_square_5x5_almost_minimal,
          minmay_the_grid_square_5x5_inner_z, minmay_the_grid_square_5x5_lines,
          minmay_the_grid_square_5x5_half_checkered]
D:12:     layout_rooms, uniq_sonja
D:13:     layout_small_grid
D:14:     kennysheep_kobold_grotto, layout_rooms,
          lightli_vaults_fourway_checkpoint, kennysheep_cross_room,
          hangedman_abyss_or_decor_clamps, drop_trap, minmay_statues_item,
          uniq_nessos
D:15:     hellmonk_depths_entry_around_the_bend, layout_small_grid,
          lemuel_round_altar, serial_shops, nicolae_shop_peninsula, door_vault
Temple:   minmay_temple_curvy_branch
Lair:1:   beast_lair_carwin_large_3, layout_regular_city
Lair:2:   layout_gridlike, shoals_dummy_entry, guppyfry_snake_entry_island,
          grunt_forest_stairs_clearing, serial_bayou_shore_b,
          grunt_megastairs_4, serial_bayou_shore_b, uniq_gastronok
Lair:3:   layout_big_grid, serial_bayou_pond_a, uniq_nergalle, uniq_snorg
Lair:4:   layout_long_grid, minmay_slime_entry_oklob_enclosed,
          serial_bayou_shore_a
Lair:5:   guppyfry_lair_end_dragon, layout_long_grid, wormcave,
          serial_bayou_shore_b
Orc:1:    layout_caves, enter_volcano_3, bloody_makhleb
Orc:2:    hellmonk_orc_salted, layout_caves, uniq_donald
Elf:1:    eino_elf_arrival_sip, layout_loops_corners, serial_shops,
          nicolae_shop_bloodbath_and_beyond, hangedman_elf_represent,
          minmay_crystal_room, amcnicky_mini_pool_small, minmay_shoptagon

Skill      XL: |  1  2  3  4  5  6  7  8  9 10 11 12 13 14 15 16 |
---------------+-------------------------------------------------+-----
Shapeshifting  | 4 5 6 7 8 10 11 12 14 15 16 | 16.9
Evocations     | 2 5 6 9 11 12 | 12.0
Fighting       | 4 6 8 9 12 | 12.0
Dodging        | 4 6 8 9 12 | 12.0
Unarmed Combat | 5 6 8 10 11 | 11.0
Stealth        | 6 8 9 |  9.0

Action                     |  1- 3 |  4- 6 |  7- 9 | 10-12 | 13-15 | 16-18 || total
---------------------------+-------+-------+-------+-------+-------+-------++-------
  Melee: Unarmed           |    41 |   114 |   200 |   605 |  1082 |   156 ||  2198
         Tentacles         |     7 |    30 |    62 |    59 |       |       ||   158
         Constrict         |     8 |    28 |    52 |   140 |   222 |    33 ||   483
         Punch             |     2 |     1 |       |       |       |       ||     3
  Throw: Stone             |       |     4 |       |       |       |       ||     4
 Invoke: Call Merchant     |       |       |       |     1 |     4 |       ||     5
         Potion Petition   |       |       |       |     1 |       |       ||     1
  Evoke: Wand              |       |     3 |     9 |    22 |    33 |       ||    67
         Lightning rod     |       |       |       |     4 |    10 |     3 ||    17
         Phial of floods   |       |       |       |     2 |     3 |     1 ||     6
         Sack of spiders   |       |       |       |       |     1 |     1 ||     2
    Use: Potion            |       |     1 |     1 |     4 |     2 |     2 ||    10
         Scroll            |       |       |     4 |     9 |    15 |     1 ||    29
   Stab: Sleeping          |     4 |    10 |     1 |     2 |    15 |     4 ||    36
         Invisible         |       |     1 |     3 |     1 |       |       ||     5
         Paralysed         |       |       |    11 |     5 |     6 |       ||    22
         Distracted        |       |       |       |     4 |    13 |     1 ||    18
 Armour: Skin              |     7 |    60 |    61 |   432 |   485 |    49 ||  1094
  Dodge: Dodged            |    18 |    56 |   129 |   433 |   984 |   115 ||  1735
   Form: Flux              |       |     1 |       |       |       |       ||     1
         Serpent           |       |       |       |     1 |       |       ||     1

Table legend: (Time is in decaauts)
 A = Elapsed time spent in this place.
 B = Non-inter-level travel time spent in this place.
 C = Inter-level travel time spent in this place.
 D = Time resting spent in this place.
 E = Time spent auto-exploring this place.
 F = Levels seen in this place.
 G = Mean time per level.
                   A        B        C        D        E       F      G
               +--------+--------+--------+--------+--------+-----+--------+
         Total |  22932 |  21257 |   1675 |   1155 |  14669 |  27 |  849.3 |
       Dungeon |  14314 |  13186 |   1128 |    895 |   9118 |  15 |  954.3 |
        Temple |      1 |      0 |      1 |      0 |      0 |   1 |    1.0 |
          Lair |   5236 |   4891 |    345 |     97 |   3760 |   5 | 1047.2 |
  Orcish Mines |   1713 |   1515 |    198 |     61 |   1055 |   2 |  856.5 |
   Elven Halls |    236 |    236 |      0 |      0 |    123 |   1 |  236.0 |
        Bailey |    672 |    672 |      0 |     51 |    252 |   1 |  672.0 |
       Volcano |    287 |    287 |      0 |      0 |    157 |   1 |  287.0 |
      Gauntlet |    470 |    470 |      0 |     51 |    203 |   1 |  470.0 |
               +--------+--------+--------+--------+--------+-----+--------+

Top non-repeatable levels by time:
     D:6: 1736 daAuts
  Lair:5: 1403 daAuts
    D:11: 1344 daAuts
     D:4: 1184 daAuts
   Orc:2: 1147 daAuts
     D:8: 1087 daAuts
    D:14: 1064 daAuts
  Lair:2: 1056 daAuts
  Lair:4: 1052 daAuts
     D:5: 1047 daAuts
    D:10: 1015 daAuts
    D:15: 977 daAuts
  Lair:1: 977 daAuts
     D:2: 789 daAuts
    D:12: 758 daAuts
